 Dungeon Crawl Stone Soup version 0.28.0-43-g3370ac3207 (webtiles) character file.

Game seed: 1733690125384742140

163 pkoi the Gusty (level 5, -3/31 HPs)
             Began as an Octopode Air Elementalist on Mar 17, 2022.
             Slain by a scorpion (5 damage)
             ... on level 5 of the Dungeon.
             The game lasted 00:06:19 (6289 turns).

pkoi the Gusty (Octopode Air Elementalist)          Turns: 6289, Time: 00:06:20

Health: -3/31      AC:  1    Str:  7    XL:     5   Next: 44%
Magic:  7/8        EV: 13    Int: 20    God:
Gold:   130        SH:  0    Dex: 18    Spells: 0/8 levels left

rFire   . . .      SeeInvis .   d - +2 short sword (vamp)
rCold   . . .      Faith    +   (no shield)
rNeg    . . .      Spirit   .   (helmet restricted)
rPois   .          Reflect  .   f - amulet of faith
rElec   .          Harm     .   b - +6 ring of dexterity
rCorr   .          Rampage  .   (no ring)
Will    .....                   (no ring)
Stlth   +++.......              (no ring)
HPRegen 0.10/turn               (no ring)
MPRegen 0.11/turn               (no ring)
                                (no ring)
                                (no ring)

@: lethally poisoned (-3 -> -29)
A: almost no armour, amphibious, 8 rings, camouflage 1, gelatinous body 1,
(nimble swimmer 1), tentacles
a: no special abilities


You were on level 5 of the Dungeon.
You visited 1 branch of the dungeon, and saw 5 of its levels.

You collected 130 gold pieces.

Inventory:

Hand Weapons
 a - a +0 vampiric dagger
 d - a +2 vampiric short sword (weapon)
Missiles
 i - 6 silver javelins
Jewellery
 b - a +6 ring of dexterity (left tentacle)
 f - an amulet of faith (around mantle)
Scrolls
 g - a scroll of silence {unknown}
 h - a scroll of amnesia
Potions
 c - 2 potions of flight {unknown}
 e - a potion of lignification {unknown}
 j - a potion of degeneration {unknown}
 k - a potion of ambrosia {unknown}
 l - a potion of attraction {unknown}


   Skills:
 - Level 2.0 Dodging
 - Level 2.6 Stealth
 - Level 2.0 Spellcasting
 - Level 1.0 Conjurations
 + Level 6.0 Air Magic


You couldn't memorise any spells.
You knew the following spells:

 Your Spells              Type           Power      Damage    Failure   Level
a - Shock                 Conj/Air       64%        1d7       3%          1
b - Swiftness             Air            26%        N/A       4%          3
c - Airstrike             Air            13%        N/A       13%         4

Your spell library contained the following spells:

 Spells                   Type           Power      Damage    Failure   Level
 Static Discharge         Conj/Air       16%        N/A       5%          2
 Conjure Flame            Conj/Fire      4%         6-21      36%         3
 Call Canine Familiar     Summ           2%         N/A       43%         3
 Ignite Poison            Fire/Tmut/Pois 2%         N/A       43%         3
 Portal Projectile        Hex/Tloc       4%         N/A       43%         3
 Sticky Flame             Conj/Fire      4%         2d3       77%         4
 Leda's Liquefaction      Hex/Erth       1%         N/A       83%         4


Dungeon Overview and Level Annotations

Branches:
Dungeon (5/15)
 Temple: D:4-7

Altars:
Nemelex Xobeh
Xom


Innate Abilities, Weirdness & Mutations

You cannot wear most types of armour.
You are amphibious.
You can wear up to eight rings at the same time.
Your skin changes colour to match your surroundings (Stealth+).
Your rubbery body absorbs attacks. (AC +1, EV +1)
((You are camouflaged when in or above water. (Stealth+)))
You have tentacles for arms and can constrict up to eight enemies at once.


Message History

Things that are here:
a +0 whip; a kobold corpse
Found a whip.
A sourceless malevolence fills the Dungeon...
You fall into a shaft and drop 2 floors!
The shaft crumbles and collapses.
A scorpion comes into view.
Found 8 gold pieces and a robe.
The helpless scorpion fails to defend itself.
You hit the scorpion. Your grab misses the scorpion.
Your squeeze misses the scorpion.
The scorpion is lightly wounded.
The scorpion stings you but does no damage.
You closely miss the scorpion. You grab the scorpion.
The scorpion is lightly wounded.
You constrict the scorpion. The scorpion stings you.
You are poisoned.
The scorpion poisons you!
You hit the scorpion.
The scorpion is moderately wounded.
You constrict the scorpion, but do no damage.
You feel very sick. The scorpion stings you!
* * * LOW HITPOINT WARNING * * *
You are lethally poisoned!
The scorpion poisons you! The scorpion stings you!
* * * LOW HITPOINT WARNING * * *
You are more poisoned.
The scorpion poisons you!
Aiming: Shock (safe; 3% risk of failure)
Press: ? - help, Q - select action, (/) - cycle Shift-Dir - straight line The zap hits the scorpion.
The scorpion is heavily wounded.
The zap hits the scorpion.
The scorpion is heavily wounded.
You constrict the scorpion, but do no damage.
* * * LOW HITPOINT WARNING * * *
You feel very sick. The scorpion stings you.
You die...

############
#.####....s......
#....$...@.#
....##[....# .
#.....+ ##....#
#....# ......
########


You could see a scorpion.

Vanquished Creatures
  Terence (D:3)
  3 adders
  An adder skeleton (D:4)
  4 worms
  3 dart slugs
  6 orcs
  7 endoplasms
  6 giant cockroaches
  7 goblins
  2 hobgoblins
  6 jackals
  9 kobolds
  4 quokkas
  10 ball pythons
  4 bats
  A quokka skeleton (D:4)
  12 rats
86 creatures vanquished.

Vanquished Creatures (others)
  2 fungi (D:2)
  A plant (D:2)
3 creatures vanquished.

Grand Total: 89 creatures vanquished

Notes
Turn   | Place    | Note
-------+----------+-------------------------------------------
     0 | D:1      | pkoi the Octopode Air Elementalist began the quest for the
                  | Orb.
     0 | D:1      | Reached XP level 1. HP: 11/11 MP: 3/3
   498 | D:1      | Reached XP level 2. HP: 17/17 MP: 0/5
   918 | D:1      | Reached skill level 4 in Air Magic
   992 | D:1      | Reached XP level 3. HP: 21/21 MP: 0/6
  1237 | D:1      | Learned a level 3 spell: Swiftness
  2505 | D:2      | Reached XP level 4. HP: 27/27 MP: 0/7
  2746 | D:2      | Found a faded altar of an unknown god.
  2818 | D:2      | Found a shimmering altar of Xom.
  3239 | D:3      | Noticed Terence
  3540 | D:3      | Reached skill level 5 in Air Magic
  4038 | D:3      | Noticed a phantom
  4243 | D:3      | Killed Terence
  4244 | D:3      | Reached XP level 5. HP: 16/31 MP: 2/8
  4489 | D:2      | Learned a level 4 spell: Airstrike
  5088 | D:4      | Noticed a yak
  5088 | D:4      | Noticed a yak
  5733 | D:5      | Entered Level 5 of the Dungeon
  5745 | D:5      | Noticed a necrophage
  6102 | D:2      | Reached skill level 6 in Air Magic
  6185 | D:3      | Found a sparkling altar of Nemelex Xobeh.
  6283 | D:3      | You fall into a shaft and drop 2 floors!
  6289 | D:5      | Slain by a scorpion

Illustrated notes

Levels and vault maps discovered:
D:1:      co_arrival_random_square_maze, layout_loops_ring
D:2:      layout_loops_ring, basic_altar, shapermc_ecumenical_altar_acropolis
D:3:      layout_rooms, nemelex_diamond_rough_becter, serial_rivers,
          chequers_serial_rivers_large_b, chequers_serial_rivers_small_3,
          chequers_serial_rivers_micro_e, chequers_serial_rivers_large_a,
          chequers_serial_rivers_small_a, uniq_terence
D:4:      layout_basic, portal_sewer_entry_e, minmay_surrounded
D:5:      layout_basic, uniq_prince_ribbit1

Skill      XL: |  1  2  3  4  5 |
---------------+----------------+-----
Air Magic      | 4 5 6 |  6.0
Dodging        | |  2.0
Stealth        | |  2.6
Spellcasting   | |  2.0
Conjurations   | |  1.0

Action                   |  1- 3 |  4- 6 || total
-------------------------+-------+-------++-------
Melee: Dagger            |     3 |    12 ||    15
       Constrict         |     2 |     7 ||     9
       Tentacles         |     1 |     6 ||     7
       Short sword       |       |     3 ||     3
 Cast: Shock             |    83 |   106 ||   189
  Use: Scroll            |       |     4 ||     4
       Potion            |       |     1 ||     1
 Stab: Sleeping          |       |     2 ||     2
Armor: Skin              |     2 |     4 ||     6
Dodge: Dodged            |     7 |    29 ||    36
